 Dungeon Crawl Stone Soup version 0.28.0-47-ge53b351184 (webtiles) character file.

Game seed: 1219102836804233806

34 Descartes the Grasshopper (level 3, -36/27 HPs)
             Began as a Formicid Warper on Apr 28, 2022.
             Killed by an exploding Terence (45 damage)
             ... ignited by their inner flame
             ... on level 3 of the Dungeon.
             The game lasted 00:02:29 (2262 turns).

Descartes the Grasshopper (Formicid Warper)         Turns: 2262, Time: 00:02:31

Health: -36/27     AC:  3    Str: 17    XL:     3   Next: 50%
Magic:  6/6        EV: 10    Int: 12    God:
Gold:   52         SH:  6    Dex: 10    Spells: 6/6 levels left

rFire   . . .      SeeInvis +   a - +0 hand axe
rCold   . . .      Faith    .   m - +0 kite shield
rNeg    . . .      Spirit   .   b - +0 leather armour
rPois   .          Reflect  .   (helmet unavailable)
rElec   .          Harm     .   (no cloak)
rCorr   .          Rampage  .   (no gloves)
Will    .....                   (no boots)
Stlth   +.........              (no amulet)
HPRegen 0.09/turn               (no ring)
MPRegen 0.10/turn               (no ring)

@: attractive
A: permanent stasis, dig shafts and tunnels, antennae 3, four strong arms
a: Dig, Shaft Self


You were on level 3 of the Dungeon.
You visited 1 branch of the dungeon, and saw 3 of its levels.

You collected 52 gold pieces.

Inventory:

Hand Weapons
 a - a +0 hand axe (weapon)
Missiles
 c - 5 boomerangs of dispersal (quivered)
 f - 48 stones
Armour
 b - a +0 leather armour (worn)
 i - a +0 buckler
 m - a +0 kite shield (worn)
Scrolls
 g - a scroll of vulnerability {unknown}
 h - a scroll of immolation
 j - a scroll of enchant weapon {unknown}
 k - a scroll of identify


   Skills:
 - Level 2.1 Fighting
 + Level 2.6 Axes
 - Level 1.0 Throwing
 + Level 2.1 Armour
 - Level 1.7 Dodging
 + Level 0.4 Shields
 - Level 2.1 Spellcasting
 + Level 3.1 Translocations


You had 6 spell levels left.
You didn't know any spells.
Your spell library contained the following spells:

 Spells                   Type           Power      Damage    Failure   Level
 Gell's Gravitas          Tloc           8%         N/A       56%         3
 Lesser Beckoning         Tloc           8%         N/A       56%         3
 Teleport Other           Tloc           8%         N/A       56%         3
 Manifold Assault         Tloc           8%         N/A       100%        5
 Blink                    Tloc           Unusable   N/A       N/A         2

Dungeon Overview and Level Annotations

Branches:
Dungeon (3/15)

Altars:


Innate Abilities, Weirdness & Mutations

You cannot be hasted, slowed, berserked, paralysed or teleported.
You can dig through walls and to a lower floor.
You have a pair of large antennae on your head. (SInv)
Your four strong arms can wield two-handed weapons with a shield.


Message History

Cleave: a) +0 hand axe
Press: ? - help, Dir - move target, f - Terence
Aim: Terence, wielding a +0 hand axe and wearing a +0 ring mail (about 37% to evade your +0 hand axe)
Okay, then.
Cleave: a) +0 hand axe
Press: ? - help, Dir - move target, f - Terence
Aim: Terence, wielding a +0 hand axe and wearing a +0 ring mail (about 37% to evade your +0 hand axe)
Okay, then.
You aren't carrying any items that you can evoke.
It was a potion of attraction.
You feel attractive to monsters. Terence hits you with a +0 hand axe.
* * * LOW HITPOINT WARNING * * *
It was a potion of haste.
Your stasis prevents you from being hasted.
Terence barely misses you.
As you read the scroll labelled SEIWKY QAWA, it crumbles to dust.
The creatures around you are filled with an inner flame!
It was a scroll of immolation.
You block Terence's attack.
Unknown command.
As you read the scroll labelled JOIVON NIQYAGA, it crumbles to dust.
It is a scroll of identify.
e - a scroll of fear You block Terence's attack.
As you read the scroll of fear, it crumbles to dust.
You assume a fearsome visage.
Terence looks frightened!
Terence is attracted toward you.
You catch the helpless Terence completely off-guard!
You hit Terence.
Flame seeps out of Terence.
Your attack snaps Terence out of his fear.
Terence is lightly wounded.
Terence is engulfed in blazing flames.
Flame seeps out of Terence.
You block Terence's attack.
You closely miss Terence.
Terence is heavily wounded.
Terence is engulfed in blazing flames.
Terence explodes!
The fiery explosion engulfs you!!!
Ouch! That really hurt!
You die...

## .#
############.##
#.........§°§.#
#........)§@§.#
#..............#
#.......######+##
#.......# #.....#
#.......# #.....#
#.......#
#.....####
#.).....###........
#................##
#.................#


There were no monsters in sight!

Vanquished Creatures
  Terence (D:3)
  A dart slug (D:2)
  An orc (D:3)
  4 ball pythons
  2 bats (D:1)
  2 endoplasms
  A giant cockroach (D:1)
  4 goblins
  A hobgoblin (D:2)
  2 jackals (D:3)
  5 kobolds
  A quokka (D:2)
  A frilled lizard (D:3)
  A rat (D:1)
27 creatures vanquished.

Notes
Turn   | Place    | Note
-------+----------+-------------------------------------------
     0 | D:1      | Descartes the Formicid Warper began the quest for the Orb.
     0 | D:1      | Reached XP level 1. HP: 16/16 MP: 3/3
   416 | D:1      | Reached XP level 2. HP: 22/22 MP: 5/5
   586 | D:1      | Found a faded altar of an unknown god.
   879 | D:1      | Reached skill level 3 in Translocations
  1223 | D:2      | Reached XP level 3. HP: 15/27 MP: 6/6
  2246 | D:3      | Noticed Terence
  2262 | D:3      | Killed Terence
  2262 | D:3      | Killed by an exploding Terence... ignited by their inner
                  | flame

Illustrated notes

Levels and vault maps discovered:
D:1:      co_arrival_square_in_a_square_in_a_square, layout_basic,
          ebering_ecumenical_altar_webs, minmay_liquid_box,
          minmay_misc_feat_encased
D:2:      layout_basic
D:3:      layout_basic, lemuel_crystal_altar, ebering_ghost_rock_garden,
          uniq_crazy_yiuf_cottage, uniq_terence, uniq_ijyb, uniq_grinder

Skill      XL: |  1  2  3 |
---------------+----------+-----
Translocations | 3 |  3.1
Armour         | 2 |  2.1
Fighting       | |  2.1
Axes           | |  2.6
Throwing       | |  1.0
Dodging        | |  1.7
Shields        | |  0.4
Spellcasting   | |  2.1

Action                   || total
-------------------------++-------
Melee: Hand axe          ||    88
  Use: Scroll            ||     3
       Potion            ||     2
 Stab: Fleeing           ||     1
Armor: Leather armour    ||    27
Dodge: Dodged            ||    57
Block: Kite shield       ||    13
       Buckler           ||     1
